 Dungeon Crawl Stone Soup version 0.24-a0-350-g5b3daab8ba (webtiles) character file.

Game seed: 16068065227995598931

22631 TheOvate the Geomancer (level 13, -5/111 HPs)
             Began as a Gargoyle Earth Elementalist on May 22, 2019.
             Was a High Priest of Vehumet.
             Slain by Rupert
             ... wielding a +0 great mace of pain
              (29 damage)
             ... on level 3 of the Lair of Beasts on May 23, 2019.
             The game lasted 01:09:51 (15020 turns).

TheOvate the Geomancer (GrEE)                      Turns: 15020, Time: 01:09:51

Health: -5/111     AC: 16    Str: 19    XL:     13   Next: 1%
Magic:  29/36      EV: 24    Int: 19    God:    Vehumet [*****.]
Gold:   672        SH:  9    Dex: 15    Spells: 15/32 levels left

rFire    . . .     SeeInvis .   q - +10 zealot's sword {holy, *Rage rN+ EV+3}
rCold    . . .     Gourm    .   B - +0 buckler
rNeg     + + .     Faith    .   N - +1 robe {Archmagi}
rPois    ∞         Spirit   .   A - +0 helmet
rElec    +         Reflect  +   J - +0 cloak
rCorr    .         Harm     .   U - +0 pair of gloves
MR       .....     Rnd*Rage +   (no boots)
Stlth    ..........             g - +4 amulet of reflection
HPRegen  0.28/turn              y - ring of wizardry
MPRegen  0.25/turn              T - ring of magical power

@: agile, berserking, very quick
A: negative energy resistance 1, electricity resistance, unbreathing,
petrification resistance, rot immunity, AC +9
a: Renounce Religion


You were on level 3 of the Lair of Beasts.
You worshipped Vehumet.
Vehumet was extremely pleased with you.
You were not hungry.

You visited 3 branches of the dungeon, and saw 14 of its levels.
You also visited: Bailey.

You collected 969 gold pieces.
You spent 297 gold pieces at shops.

Inventory:

Hand Weapons
 q - the +10 zealot's sword (weapon) {holy, *Rage rN+ EV+3}
   (You found it on level 6 of the Dungeon)

   It has been blessed by the Shining One to cause great damage to the undead
   and demons.
   It affects your evasion (+3).
   It protects you from negative energy.
   It may make you go berserk in combat.
Missiles
 b - 188 stones (quivered)
 D - 4 boomerangs of dispersal
Armour
 f - a +0 shield
 A - a +0 helmet (worn)
 B - a +0 buckler (worn)
 H - a +2 leather armour of cold resistance
 J - a +0 cloak (worn)
 N - a +1 robe of the Archmagi (worn)
 P - the +1 robe of the Catamount {rN+ MP+9 Str+3}
   (You found it on level 10 of the Dungeon)

   It affects your strength (+3).
   It protects you from negative energy.
   It affects your magic capacity (+9).
 U - a +0 pair of gloves (worn)
Jewellery
 g - a +4 amulet of reflection (around neck)
 y - a ring of wizardry (left hand)
 C - a +4 ring of intelligence
 T - a ring of magical power (right hand)
 Y - an uncursed ring of protection from magic {unknown}
Wands
 x - a wand of disintegration (27)
 z - a wand of polymorph (3)
 G - a wand of random effects (3)
 M - a wand of clouds (1)
 O - a wand of digging (4)
Scrolls
 c - 2 scrolls of random uselessness {unknown}
 e - 2 scrolls of magic mapping
 h - 4 scrolls of enchant weapon {unknown}
 k - 15 scrolls of identify
 n - 11 scrolls of teleportation {unknown}
 o - 2 scrolls of immolation {unknown}
 p - 2 scrolls of enchant armour {unknown}
 r - 2 scrolls of fear {unknown}
 s - a scroll of fog {unknown}
 t - 6 scrolls of remove curse {unknown}
 u - 5 scrolls of amnesia {unknown}
 Q - 2 scrolls of blinking
 V - 2 scrolls of brand weapon {unknown}
 X - a scroll of summoning {unknown}
Potions
 i - 3 potions of curing
 j - a potion of resistance
 l - 6 potions of lignification
 m - a potion of berserk rage
 v - 2 potions of agility
 w - 2 potions of brilliance
 E - a potion of ambrosia {unknown}
 I - 2 potions of heal wounds {unknown}
 K - a potion of magic {unknown}
 L - 4 potions of haste {unknown}
 S - a potion of cancellation {unknown}
 W - a potion of invisibility {unknown}
 Z - a potion of mutation {unknown}
Miscellaneous
 F - a phial of floods
Comestibles
 d - 22 rations
 R - 2 chunks of flesh


   Skills:
 + Level 6.1 Fighting
 - Level 7.0 Long Blades
   Level 1.6 Maces & Flails
 - Level 1.7 Throwing
 - Level 2.2 Armour
 + Level 6.4 Dodging
 - Level 2.8 Stealth
 - Level 5.0 Shields
 - Level 2.1 Unarmed Combat
 - Level 10.0 Spellcasting
 - Level 10.0 Conjurations
 - Level 1.2 Translocations
 - Level 2.0 Transmutations
 - Level 10.0 Earth Magic
 - Level 2.0 Evocations


You had 15 spell levels left.
You knew the following spells:

 Your Spells              Type           Power        Failure   Level  Hunger
a - Sandblast             Erth           ######       1%          1    None
b - Stone Arrow           Conj/Erth      ######       1%          3    None
c - Passwall              Tmut/Erth      #####...     1%          2    None
d - Petrify               Tmut/Erth      #####...     2%          4    ##.....
e - Lee's Rapid Deconstr  Erth           ######....   1%          5    #####..
f - Blink                 Tloc           N/A          2%          2    None

Your spell library contained the following spells:

 Spells                   Type           Power        Failure   Level  Hunger
 Venom Bolt               Conj/Pois      #####.....   3%          5    #####..
 Apportation              Tloc           ###...       1%          1    None
 Magic Dart               Conj           ####         1%          1    None
 Conjure Flame            Conj/Fire      #####...     1%          3    None
 Dazzling Spray           Conj/Hex       #####.       1%          3    None
 Mephitic Cloud           Conj/Pois/Air  ####....     1%          3    None
 Animate Skeleton         Necr           N/A          3%          1    None
 Confusing Touch          Hex            ##....       3%          1    None
 Corona                   Hex            ##.....      3%          1    None
 Summon Small Mammal      Summ           ##..         3%          1    None
 Call Imp                 Summ           ##......     4%          2    None
 Ensorcelled Hibernation  Hex/Ice        ##....       4%          2    None
 Poisonous Vapours        Pois/Air       ##....       4%          2    None
 Slow                     Hex            ##......     4%          2    None
 Confuse                  Hex            ##......     9%          3    None
 Tukima's Dance           Hex            ##......     9%          3    None
 Freezing Cloud           Conj/Ice/Air   ####......   28%         6    ######.
 Ring of Flames           Chrm/Fire      ##........   100%        7    #######


Dungeon Overview and Level Annotations

Branches:
Dungeon (10/15)            Temple (1/1) D:4            Lair (3/6) D:9
  Swamp (0/4) Lair:2       Spider (0/4) Lair:3
    Orc: D:9-12

Altars:
Ashenzari
Cheibriados
Dithmenos
Elyvilon
Gozag
Hepliaklqana
Kikubaaqudgha
Makhleb
Nemelex Xobeh
Qazlal
Ru
Sif Muna
Trog
Uskayaw
Vehumet
Wu Jian
Yredelemnul
The Shining One

Shops:
D:7 =

Annotations:
D:8 3 runed translucent doors, Arthanis's ghost, novice DEFE
Lair:1 exclusion: 2 oklob plants
Lair:3 Rupert


Innate Abilities, Weirdness & Mutations

You are resistant to torment.
Your stone body is resilient. (AC +9)
You are immune to poison.
You resist negative energy. (rN+)
You are resistant to electric shocks. (rElec)
You can survive without breathing.
You are immune to petrification.
You are immune to rotting.


Message History

You closely miss Rupert.
Rupert is moderately wounded.
Rupert misses you.
You riposte.
You slash Rupert!
Rupert is moderately wounded.
You hit Rupert.
Rupert is heavily wounded.
Rupert hits you with a +0 great mace of pain!!
* * * LOW HITPOINT WARNING * * *
You barely miss Rupert.
Rupert is moderately wounded.
You slice Rupert!!
Rupert is heavily wounded.
Rupert closely misses you.
You riposte.
You slice Rupert!!
Rupert is severely wounded.
You closely miss Rupert.
Rupert is severely wounded.
You slash Rupert!
Rupert is severely wounded.
Rupert hits you with a +0 great mace of pain!!
You die...

#...#...........##......[.......
#.......#.......###.............
##..............# #.............
#..........P#..###.............
##.........###..##..............
#...P.......##... #......[......
##..#P.....##...###.............
#...........#.....#.............
##..#......#.#.@###.............
#P.........###.@.....P..#.......
#P.........P#...>....####.......
##..........##...#...# #.......
#...#......#.#..#....# ##......
##..P.......#...##...# #......
#...P......###...#...## #......
##..#.......##...##...# #......
#..#........... #...#####......


You could see Rupert (berserk).

Vanquished Creatures
  Snorg (Lair:3)
  Erolcha (D:9)
  Harold (D:6)
  A two-headed ogre (D:9)
  Maurice (D:8)
  Psyche (D:10)
  Joseph (D:7)
  6 spiny frogs
  2 black mambas
  5 komodo dragons
  A queen bee (Lair:2)
  A demonic crawler (Lair:3)
  2 trolls
  9 blink frogs
  6 hippogriffs
  Prince Ribbit (D:5)
  Grinder (D:3)
  Sigmund (D:5)
  2 wraiths (D:9)
  2 hungry ghosts
  9 yaks
  A basilisk (Lair:2)
  A wyvern (D:10)
  Grum (D:8)
  2 porcupines
  5 water moccasins
  13 orc warriors
  A sky beast (D:6)
  A necrophage (D:8)
  2 ice beasts
  3 phantoms
  3 black bears
  16 centaurs
  5 wolves
  7 crocodiles
  Blork the orc (D:4)
  10 bullfrogs
  6 scorpions
  26 killer bees
  2 wights (D:9)
  2 electric eels (Lair:2)
  3 crimson imps
  A bullfrog zombie (D:7)
  2 quasits
  2 human zombies (D:9)
  2 centaur skeletons
  5 hounds
  3 jellies
  4 orc wizards (D:7)
  An orc priest (D:8)
  4 bullfrog skeletons
  2 centaur zombies (D:7)
  Terence (D:3)
  2 human skeletons (D:9)
  5 iguanas
  6 worker ants
  An ogre zombie (D:9)
  A hound skeleton (D:4)
  2 mummies (D:9)
  A worker ant zombie (D:5)
  6 gnolls
  2 river rats (Lair:2)
  10 adders
  2 shadow imps
  2 oozes (D:1)
  3 worms
  2 dart slugs
  4 leopard geckos
  46 orcs
  6 giant cockroaches
  10 goblins
  4 hobgoblins
  8 jackals
  6 kobolds
  4 quokkas
  2 ball pythons
  9 bats
  4 frilled lizards
  A leopard gecko skeleton (D:7)
  An orc zombie (D:9)
  A quokka zombie (D:6)
  7 rats
  A butterfly (Lair:1)
352 creatures vanquished.

Vanquished Creatures (others)
  2 plants (Lair:2)
2 creatures vanquished.

Grand Total: 354 creatures vanquished

Notes
Turn   | Place    | Note
-------+----------+-------------------------------------------
     0 | D:1      | TheOvate the Gargoyle Earth Elementalist began the quest
                  | for the Orb.
     0 | D:1      | Reached XP level 1. HP: 10/10 MP: 3/3
    75 | D:1      | Reached XP level 2. HP: 15/15 MP: 1/5
   586 | D:1      | Reached XP level 3. HP: 13/19 MP: 0/6
   646 | D:1      | Learned a level 3 spell: Stone Arrow
  1107 | D:2      | Reached skill level 1 in Maces & Flails
  1107 | D:2      | Reached XP level 4. HP: 24/24 MP: 0/7
  1427 | D:2      | Reached skill level 5 in Earth Magic
  1824 | D:2      | Reached XP level 5. HP: 23/28 MP: 6/9
  2236 | D:3      | Learned a level 2 spell: Passwall
  2629 | D:3      | Noticed Terence
  2719 | D:3      | Killed Terence
  2819 | D:3      | Noticed Grinder
  2822 | D:3      | Paralysed by Grinder for 6 turns
  2853 | D:3      | Paralysed by Grinder for 5 turns
  2863 | D:3      | Paralysed by Grinder for 4 turns
  3137 | D:3      | Paralysed by Grinder for 4 turns
  3143 | D:3      | Killed Grinder
  3143 | D:3      | Reached XP level 6. HP: 32/32 MP: 4/12
  3473 | D:4      | Noticed a phantom
  3497 | D:4      | Killed a phantom
  3497 | D:4      | Reached XP level 7. HP: 36/36 MP: 6/13
  3567 | D:4      | Found a staircase to the Ecumenical Temple.
  3576 | Temple   | Entered the Ecumenical Temple
  3614 | Temple   | Became a worshipper of Vehumet
  3703 | D:4      | Noticed Blork the orc
  3711 | D:4      | Killed Blork the orc
  3738 | D:4      | Reached skill level 5 in Spellcasting
  4257 | D:5      | Entered Level 5 of the Dungeon
  4270 | D:5      | Noticed Prince Ribbit
  4274 | D:5      | Killed Prince Ribbit
  4274 | D:5      | Reached skill level 1 in Throwing
  4274 | D:5      | Reached skill level 1 in Armour
  4274 | D:5      | Reached skill level 1 in Unarmed Combat
  4274 | D:5      | Reached skill level 1 in Conjurations
  4274 | D:5      | Reached skill level 1 in Transmutations
  4352 | D:5      | Noticed Sigmund
  4355 | D:5      | Reached XP level 8. HP: 41/41 MP: 12/15
  4364 | D:5      | Killed Sigmund
  5019 | D:6      | Found the +10 zealot's sword {holy, *Rage rN+ EV+3}
  5135 | D:6      | Reached * piety under Vehumet
  5135 | D:6      | Offered knowledge of Shock by Vehumet.
  5141 | D:6      | Learned a level 4 spell: Petrify
  5147 | D:6      | Learned a level 5 spell: Lee's Rapid Deconstruction
  5198 | D:6      | Found a glowing golden altar of the Shining One.
  5251 | D:6      | Reached skill level 1 in Long Blades
  5359 | D:6      | Found a sparkling altar of Nemelex Xobeh.
  5359 | D:6      | Found a basalt altar of Yredelemnul.
  5450 | D:6      | Reached skill level 1 in Fighting
  5450 | D:6      | Reached skill level 5 in Conjurations
  5632 | D:6      | Reached XP level 9. HP: 43/47 MP: 12/16
  5698 | D:6      | Reached skill level 1 in Shields
  5931 | D:6      | Found a hazy altar of Hepliaklqana.
  6143 | D:7      | Noticed Joseph
  6151 | D:7      | Killed Joseph
  6290 | D:7      | Identified the +2 mace of Makhleb's Benevolence {drain,
                  | rF++ Str+8 Int-4}
  6303 | D:7      | Reached skill level 5 in Long Blades
  6307 | D:7      | Offered knowledge of Throw Flame by Vehumet.
  6311 | D:7      | Reached ** piety under Vehumet
  6357 | D:7      | Noticed Harold
  6515 | D:6      | Killed Harold
  6515 | D:6      | Reached XP level 10. HP: 29/56 MP: 11/17
  6718 | D:7      | Learned a level 2 spell: Blink
  6833 | D:7      | Found Rucy's Jewellery Boutique.
  6841 | D:7      | Bought a +4 ring of intelligence for 297 gold pieces
  7348 | D:8      | Upgraded the game from 0.24-a0-347-g1a3e1d35ff to
                  | 0.24-a0-350-g5b3daab8ba
  7386 | D:8      | Noticed Grum
  7396 | D:8      | Killed Grum
  7399 | D:8      | Offered knowledge of Ignite Poison by Vehumet.
  7460 | D:8      | Found a runed translucent gate.
  7461 | D:8      | Noticed Arthanis's ghost (novice DEFE)
  7466 | D:8      | Identified the +7 chain mail of the Failed Coup {rF+}
  7470 | D:8      | Found a runed translucent gate.
  7470 | D:8      | Found a runed translucent gate.
  7473 | D:8      | Found a flagged portal.
  7481 | Bailey   | Entered a bailey
  7548 | Bailey   | Reached *** piety under Vehumet
  8169 | Bailey   | Offered knowledge of Iskenderun's Mystic Blast by Vehumet.
  8254 | Bailey   | Reached skill level 5 in Fighting
  8786 | Bailey   | HP: 2/88 [orc warrior/+0 glaive (13)]
  8787 | Bailey   | Reached skill level 5 in Shields
  9093 | Bailey   | Reached skill level 5 in Dodging
  9394 | D:8      | Reached skill level 1 in Evocations
  9499 | D:8      | Reached **** piety under Vehumet
  9499 | D:8      | Reached skill level 1 in Translocations
  9499 | D:8      | Reached XP level 11. HP: 63/63 MP: 11/18
  9500 | D:8      | Noticed Maurice
  9519 | D:8      | Killed Maurice
 10019 | D:9      | Noticed Erolcha
 10029 | D:9      | Killed Erolcha
 10205 | D:9      | Found a radiant altar of Vehumet.
 10316 | D:9      | Found a shattered altar of Ashenzari.
 10358 | D:9      | You fall into a shaft and drop 1 floor!
 10358 | D:10     | Entered Level 10 of the Dungeon
 10381 | D:10     | Noticed Psyche
 10388 | D:10     | Killed Psyche
 10388 | D:10     | Offered knowledge of Throw Icicle by Vehumet.
 10423 | D:9      | Noticed a two-headed ogre
 10431 | D:9      | Killed a two-headed ogre
 10581 | D:9      | Found a staircase to the Lair.
 10690 | D:9      | Found a basalt altar of Yredelemnul.
 10805 | D:9      | Found an ancient bone altar of Kikubaaqudgha.
 10970 | D:10     | Got a crude robe
 10981 | D:10     | Identified the +1 robe of the Catamount {rN+ MP+9 Str+3}
                  | (You found it on level 10 of the Dungeon)
 11328 | D:10     | Found a bloodstained altar of Trog.
 11685 | Lair:1   | Entered Level 1 of the Lair of Beasts
 11847 | Lair:1   | Reached ***** piety under Vehumet
 12147 | Lair:1   | Noticed an oklob plant
 12147 | Lair:1   | Noticed an oklob plant
 12201 | Lair:1   | Offered knowledge of Venom Bolt by Vehumet.
 12600 | Lair:2   | Reached XP level 12. HP: 68/68 MP: 18/23
 12744 | Lair:2   | Reached skill level 10 in Earth Magic
 13646 | Lair:2   | Found a staircase to the Swamp.
 13698 | Lair:2   | Reached skill level 10 in Conjurations
 13863 | Lair:2   | Reached skill level 10 in Spellcasting
 14020 | Lair:2   | Found a glowing golden altar of the Shining One.
 14461 | Lair:3   | Noticed Snorg
 14468 | Lair:3   | Killed Snorg
 14771 | Lair:3   | Found a hole to the Spider Nest.
 14831 | Lair:3   | Reached XP level 13. HP: 74/74 MP: 23/27
 14998 | Lair:3   | Noticed Rupert
 15002 | Lair:3   | Paralysed by Rupert for 5 turns
 15008 | Lair:3   | Identified a scroll of acquirement
 15020 | Lair:3   | Slain by Rupert

Levels and vault maps discovered:
D:1:      sevenhm_arrival_forest_fort_large_4, layout_basic, nrook_mini_vaults,
          minmay_crystal_water
D:2:      layout_loops_ring
D:3:      layout_basic, uniq_grinder, uniq_terence
D:4:      layout_basic, minmay_temple_entry_junction, uniq_blork_the_orc
D:5:      layout_loops_ring, first_ration, uniq_prince_ribbit1, uniq_sigmund
D:6:      layout_loops_ring, tso_metal_star, gammafunk_temple_overflow_elements,
          kennysheep_mini_moat, wad_rectangle_vault
D:7:      layout_gridville, minmay_shop_enchanted_jewellery, uniq_joseph,
          uniq_harold
D:8:      layout_loops_corners, biasface_ghost_orc_armoury, enter_bailey_2,
          uniq_grum, uniq_maurice
D:9:      layout_long_grid, kiku_gazebo_garden_becter, ashenzari_altar_1,
          lair_entry_dummy, basic_altar, lemuel_mausoleum_altar_yredelemnul,
          uniq_erolcha
D:10:     layout_long_grid, basic_altar, uniq_psyche
Temple:   eino_temple_rhombus
Lair:1:   layout_gridlike, small_statue_intersection, infiniplex_staircase_pool,
          grunt_megastairs_4, lemuel_fruit_fields, minmay_lair_oklob_chamber
Lair:2:   regret_index_tunnel_blossom, layout_gridlike,
          minmay_swamp_entry_reptiles, basic_altar, serial_bayou_shore_a
Lair:3:   layout_long_grid, nicolae_spider_entry_non_spiders,
          beast_lair_carwin_9, uniq_rupert, uniq_snorg

Skill      XL: |  1  2  3  4  5  6  7  8  9 10 11 12 |
---------------+-------------------------------------+-----
Earth Magic    | 4 5 6 7 9 10 | 10.0
Maces & Flails | 1 |  1.6
Spellcasting   | 4 5 7 10 | 10.0
Throwing       | 1 |  1.7
Armour         | 1 2 |  2.2
Unarmed Combat | 1 2 |  2.1
Conjurations   | 1 5 6 7 8 10 | 10.0
Transmutations | 1 2 |  2.0
Dodging        | 2 3 5 6 |  6.4
Long Blades    | 2 6 7 |  7.0
Fighting       | 1 3 5 6 |  6.1
Shields        | 2 5 |  5.0
Evocations     | 1 2 |  2.0
Translocations | 1 |  1.2
Stealth        | |  2.8

Action                   |  1- 3 |  4- 6 |  7- 9 | 10-12 | 13-15 || total
-------------------------+-------+-------+-------+-------+-------++-------
Melee: Whip              |    20 |    68 |    18 |       |       ||   106
       Unarmed           |     2 |       |       |       |       ||     2
       Eudemon blade     |       |       |    36 |   340 |     7 ||   383
 Cast: Sandblast         |    31 |    58 |   106 |    94 |     2 ||   291
       Stone Arrow       |     1 |     3 |     5 |   177 |     6 ||   192
       Lee's Rapid Decon |       |       |     3 |     2 |       ||     5
  Use: Scroll            |       |       |     7 |     1 |     1 ||     9
       Potion            |       |       |       |     3 |     3 ||     6
 Stab: Sleeping          |     3 |     2 |     5 |     2 |       ||    12
  Eat: Chunk             |     1 |     5 |    10 |    26 |     1 ||    43
       Ration            |       |     1 |       |     1 |       ||     2
Armor: Robe              |     7 |    23 |    17 |   118 |     1 ||   166
       Leather armour    |       |       |       |    14 |       ||    14
Dodge: Dodged            |    16 |    51 |    73 |   330 |     4 ||   474
Block: Other             |     3 |    18 |    18 |       |       ||    39
       Reflection        |       |     1 |     7 |     1 |       ||     9
       Buckler           |       |       |     9 |   217 |     4 ||   230
       Rpst.: Eudemon blade |       |       |    15 |    79 |     2 ||    96

Table legend:
 A = Non-vault XP
 B = Vault XP
 C = Vault XP percentage of total XP
 D = Non-vault monster count
 E = Vault monster count
 F = Vault count percentage of total count
                 A         B        C        D         E       F
            +---------+---------+-------+---------+---------+-------
      Total |   15823 |   16508 |  51.1 |     219 |     132 |  37.6
            +---------+---------+-------+---------+---------+-------
        D:1 |      43 |       0 |   0.0 |      18 |       0 |   0.0
        D:2 |     161 |       0 |   0.0 |      32 |       0 |   0.0
        D:3 |      37 |     296 |  88.9 |      15 |       2 |  11.8
        D:4 |     228 |     100 |  30.5 |       7 |       1 |  12.5
        D:5 |     414 |     482 |  53.8 |      11 |       2 |  15.4
        D:6 |    1064 |    1301 |  55.0 |      19 |       7 |  26.9
        D:7 |    1186 |     430 |  26.6 |      32 |       1 |   3.0
        D:8 |     975 |    1027 |  51.3 |      19 |       5 |  20.8
        D:9 |    1535 |    1764 |  53.5 |       9 |      13 |  59.1
       D:10 |    1181 |     448 |  27.5 |      17 |       1 |   5.6
     Lair:1 |    2524 |    1577 |  38.5 |      10 |       9 |  47.4
     Lair:2 |    3666 |    5173 |  58.5 |      15 |      45 |  75.0
     Lair:3 |    2809 |    1621 |  36.6 |      15 |       7 |  31.8
     Bailey |       0 |    2289 | 100.0 |       0 |      39 | 100.0
            +---------+---------+-------+---------+---------+-------
